 Dungeon Crawl Stone Soup version 0.29.0-4-gdea44cf6ec (webtiles) character file.

Game seed: 17495332044886397829

67 qw the Sneak (level 4, -4/28 HPs)
             Began as a Gargoyle Delver on Sept 10, 2022.
             Killed by divine providence
             ... invoked by an orc priest
              (13 damage)
             ... on level 3 of the Dungeon.
             The game lasted 00:00:10 (470 turns).

qw the Sneak (Gargoyle Delver)                       Turns: 470, Time: 00:00:10

Health: -4/28      AC:  6    Str: 18    XL:     4   Next: 16%
Magic:  4/4        EV: 11    Int: 10    God:
Gold:   0          SH:  0    Dex: 11    Spells: 3/3 levels left

rFire   . . .      SeeInvis .   a - +0 hand axe
rCold   . . .      Faith    .   (no shield)
rNeg    + . .      Spirit   .   b - +0 leather armour
rPois   inf        Reflect  .   (no helmet)
rElec   +          Harm     .   (no cloak)
rCorr   .          Rampage  .   (no gloves)
Will    .....                   (no boots)
Stlth   +++.......              (no amulet)
HPRegen 0.09/turn               (no ring)
MPRegen 0.09/turn               (no ring)

@: no status effects
A: sickness immunity, AC +3, negative energy resistance 1, electricity
resistance, torment resistance 1, petrification resistance
a: no special abilities


You were on level 3 of the Dungeon.
You visited 1 branch of the dungeon, and saw 3 of its levels.


Innate Abilities, Weirdness & Mutations

You are immune to sickness and miasma.
Your stone body is resilient. (AC +3)
You are immune to poison.
You resist negative energy. (rN+)
You are resistant to electric shocks. (rElec)
You are resistant to unholy torment.
You are immune to petrification.


   Skills:
 - Level 3.2 Fighting
 + Level 3.9 Axes
 - Level 1.5 Dodging
 - Level 5.4 Stealth


You had 3 spell levels left.
You didn't know any spells.
Your spell library was empty.

Inventory:

Hand Weapons
 a - a +0 hand axe (weapon)
Armour
 b - a +0 leather armour (worn)
 d - a +0 ring mail
Wands
 g - a wand of digging (3)
Scrolls
 e - a scroll of identify {unknown}
 i - a scroll of acquirement {unknown}
Potions
 c - a potion of attraction {unknown}
 f - a potion of haste
 h - a potion of curing {unknown}

Dungeon Overview and Level Annotations

Branches:
Dungeon (5/15)
 Temple: D:4-7

Altars:

Annotations:
D:5 3 runed translucent doors


Message History

The orc closely misses you.
You barely miss the orc.
The orc is heavily wounded.
The orc closely misses you.
You hit the orc but do no damage.
The orc is heavily wounded.
The orc hits you but does no damage.
You hit the orc.
You kill the orc!
You start resting.
An orc priest comes into view. It is wielding a +0 dagger.
You closely miss the orc priest.
The orc priest shouts!
The orc priest hits you with a +0 dagger.
You hit the orc priest but do no damage.
The orc priest hits you but does no damage.
The orc priest barely misses you.
You closely miss the orc priest.
The orc priest mumbles some strange prayers to Beogh against you.
Beogh smites you!
You hit the orc priest.
The orc priest is moderately wounded.
The orc priest hits you with a +0 dagger.
You hit the orc priest.
The orc priest is heavily wounded.
The orc priest barely misses you.
You barely miss the orc priest.
The orc priest is heavily wounded.
The orc priest hits you but does no damage.
You hit the orc priest.
The orc priest is almost dead.
The orc priest hits you with a +0 dagger.
You closely miss the orc priest.
The orc priest is almost dead.
The orc priest closely misses you.
You closely miss the orc priest.
The orc priest is almost dead.
The orc priest invokes the aid of Beogh against you.
Beogh smites you!
You die...

#...# .#.# #..>#
.#.#
##...######....
...........##.#
...........##.#
...........##.####
##...#####%.o..$.#
#...# #.##.##.#
#...# #.##.##@#.#
#...# #.......o.#
..<.. #.##%##...#
#.....
#...).......
#.........#.#
####.#.#.##.#
#.....# # .##.###
. ..


You could see an orc priest.

Vanquished Creatures
  A necrophage (D:4)
  An orc (D:3)
  2 hobgoblins (D:3)
  A rat (D:3)
5 creatures vanquished.

Notes
Turn   | Place    | Note
-------+----------+-------------------------------------------
     0 | D:5      | qw the Gargoyle Delver began the quest for the Orb.
     0 | D:5      | Reached XP level 1. HP: 14/14 MP: 1/1
     0 | D:5      | 0 ||| qw: Version: 0.1-a-116-g5d60599
     0 | D:5      | 0 ||| qw: Game counter: 8277
     0 | D:5      | 0 ||| qw: Always use a shield: true
     0 | D:5      | 0 ||| qw: God list: Okawaru
     0 | D:5      | 0 ||| qw: Allow faded altars: false
     0 | D:5      | 0 ||| qw: Do Orc after D:15 true
     0 | D:5      | 0 ||| qw: Do second Lair branch before Depths: true
     0 | D:5      | 0 ||| qw: Lair rune preference: random
     0 | D:5      | 0 ||| qw: Plans: Normal
     0 | D:5      | 0 ||| PLANNING D:1-11
    21 | D:5      | Found a runed translucent gate.
    21 | D:5      | Found a runed translucent gate.
    21 | D:5      | Found a runed translucent gate.
    24 | D:5      | 24 ||| DROPPING scroll of fog.
    25 | D:5      | 25 ||| DROPPING scroll of magic mapping.
    26 | D:5      | 26 ||| DROPPING scroll of fear.
    37 | D:4      | Noticed a necrophage
    55 | D:4      | HP: 2/14 [necrophage (3)]
    58 | D:4      | Killed a necrophage
    59 | D:4      | Reached skill level 3 in Axes
    59 | D:4      | Reached XP level 2. HP: 3/19 MP: 2/2
    59 | D:4      | Reached XP level 3. HP: 4/23 MP: 3/3
    59 | D:4      | Reached XP level 4. HP: 4/28 MP: 4/4
   444 | D:3      | 444 ||| Stepping ~*~*~tactically~*~*~ (stealth).
   445 | D:3      | 445 ||| Stepping ~*~*~tactically~*~*~ (stealth).
   448 | D:3      | 448 ||| Stepping ~*~*~tactically~*~*~ (stealth).
   449 | D:3      | 449 ||| Stepping ~*~*~tactically~*~*~ (stealth).
   450 | D:3      | 450 ||| Stepping ~*~*~tactically~*~*~ (stealth).
   451 | D:3      | 451 ||| Stepping ~*~*~tactically~*~*~ (stealth).
   470 | D:3      | Killed from afar by an orc priest

Levels and vault maps discovered:
D:3:      layout_loops_cross, minmay_vboxes
D:4:      layout_layer_cave, minmay_temple_entry_ruins, uniq_crazy_yiuf_cottage
D:5:      layout_loops_ring, gammafunk_ghost_icy

Skill      XL: |  1 |
---------------+----+-----
Axes           | 3 |  3.9
Fighting       | |  3.2
Dodging        | |  1.5
Stealth        | |  5.4

Action                   |  1- 3 |  4- 6 || total
-------------------------+-------+-------++-------
Melee: Hand axe          |    14 |    26 ||    40
Armor: Leather armour    |     3 |     8 ||    11
Dodge: Dodged            |     9 |    10 ||    19

Table legend:
 A = Non-vault XP
 B = Vault XP
 C = Vault XP percentage of total XP
 D = Non-vault monster count
 E = Vault monster count
 F = Vault count percentage of total count
                 A         B        C        D         E       F
            +---------+---------+-------+---------+---------+-------
      Total |      96 |       0 |   0.0 |       5 |       0 |   0.0
            +---------+---------+-------+---------+---------+-------
        D:3 |       8 |       0 |   0.0 |       4 |       0 |   0.0
        D:4 |      88 |       0 |   0.0 |       1 |       0 |   0.0
            +---------+---------+-------+---------+---------+-------
